 Dungeon Crawl Stone Soup version 0.15-a0-2393-g54a05ab (webtiles) character file.

284 Banei the Magician (level 6, -1/32 HPs)
             Began as a Deep Elf Ice Elementalist on Aug 3, 2014.
             Was a Follower of Kikubaaqudgha.
             Slain by a phantom (7 damage)
             ... on Level 4 of the Dungeon.
             The game lasted 00:11:04 (3876 turns).

Banei the Magician (Deep Elf Ice Elementalist)      Turns: 3876, Time: 00:11:04

HP  -1/32        AC  2     Str  5      XL: 6   Next:  7%
MP   4/21        EV 13     Int 22      God: Kikubaaqudgha [*.....]
Gold 104         SH  0     Dex 15      Spells:  3 memorised,  8 levels left

rFire  . . .     SeeInvis .     v - -1 quarterstaff (curse)
rCold  . . .     Clarity  .     h - +0 robe
rNeg   . . .     rCorr    .     (no shield)
rPois  +         rRot     .     (no helmet)
rElec  .         Spirit   .     (no cloak)
SustAb .         Warding  .     (no gloves)
rMut   .         Stasis   .     (no boots)
Gourm  .                        (no amulet)
MR     .....                    (no ring)
                                d - ring of poison resistance

@: not resistant to hostile enchantments, unstealthy
A: no striking features
a: Receive Corpses, Renounce Religion


You were on level 4 of the Dungeon.
You worshipped Kikubaaqudgha.
Kikubaaqudgha was aware of your devotion.
You were not hungry.

You visited 1 branch of the dungeon, and saw 4 of its levels.

You collected 104 gold pieces.

Inventory:

Hand weapons
 a - a +1 dagger
 v - a cursed -1 quarterstaff (weapon)
Armour
 h - a +0 robe (worn)
 k - a +1 buckler
Comestibles
 c - a bread ration
 g - 5 fruits
 l - a chunk of rat flesh
 o - a chunk of rat flesh
 q - a slice of pizza
 t - a meat ration
 u - a royal jelly
Scrolls
 e - a scroll of teleportation
 f - 2 scrolls of remove curse
 j - a scroll of enchant weapon
Jewellery
 d - a ring of poison resistance (left hand)
Potions
 i - 2 potions of degeneration
 n - a potion of agility {unknown}
 p - 2 potions of poison {unknown}
 r - a potion of curing {unknown}
 w - a potion of berserk rage {unknown}
Books
 b - a book of Frost

   Spells                             Type                      Level
   *Freeze                            Ice                          1
   *Throw Frost                       Conjuration/Ice              2
   Ozocubu's Armour                   Charms/Ice                   3
   *Throw Icicle                      Conjuration/Ice              4
   Summon Ice Beast                   Ice/Summoning                4
   Condensation Shield                Ice                          4
 m - Kikubaaqudgha's Handbook of Dark Magic
   (Kikubaaqudgha gifted it to you on level 4 of the Dungeon)

   Spells                             Type                      Level
   Pain                               Necromancy                   1
   Corpse Rot                         Necromancy                   2
   Sublimation of Blood               Necromancy                   2
   Regeneration                       Charms/Necromancy            3
   Control Undead                     Necromancy                   4


   Skills:
 - Level 2.4 Dodging
 - Level 2.4 Stealth
 + Level 5.3 Spellcasting
 + Level 4.0 Conjurations
 + Level 5.0 Ice Magic


You had 8 spell levels left.
You knew the following spells:

 Your Spells              Type           Power        Failure   Level  Hunger
a - Freeze                Ice            ####         1%          1    None
b - Throw Frost           Conj/Ice       ####..       2%          2    None
c - Throw Icicle          Conj/Ice       ####....     17%         4    ####...


Dungeon Overview and Level Annotations

Branches:
Dungeon (4/15)
 Temple: D:4-7

Altars:
Fedhas
Kikubaaqudgha
Sif Muna
Vehumet
Xom


Message History

Confirm with . or Enter, or press ? or * to list all spells.
Aiming: Throw Frost
Press: ? - help, Shift-Dir - straight line, f/p - phantom
Aim: a phantom (moderately damaged)
The puff of frost hits the phantom.
The phantom resists.
The phantom is moderately damaged.
Casting: Throw Frost
Confirm with . or Enter, or press ? or * to list all spells.
Aiming: Throw Frost
Press: ? - help, Shift-Dir - straight line, f/p - phantom
Aim: a phantom (moderately damaged)
The puff of frost misses the phantom.
The phantom blinks!
The phantom hits you.
* * * LOW HITPOINT WARNING * * *
The phantom blinks!
You see here a rat skeleton.
The phantom hits you!
You die...
Kikubaaqudgha rasps: "You have failed me!
Welcome... death!"

# ##...#.#...#
#.....+....+
###..#.+.# #..#..)#
+.....$+ #.##%..#
#+##...##.##
+.W.....+ #
#@#.#####
##########.#.##
##..'..........+
#####...#######.#.##
#....#### # #.#.#
#...## ...... .
#...# ........##
#...# .... ....#
###.#####..#####.#.#


You could see a phantom.

Vanquished Creatures
  The ghost of superterranean the Chopper, an average VSCK of Xom (D:3)
  An orc priest (D:3)
  An iguana (D:2)
  3 gnolls (D:2)
  2 adders (D:3)
  A giant mite (D:1)
  2 worms
  2 giant geckos
  7 orcs
  6 bats
  3 giant cockroaches
  4 goblins
  5 hobgoblins
  10 jackals
  A quokka (D:2)
  A ball python (D:1)
  2 giant newts
  4 kobolds
  7 rats
63 creatures vanquished.

Vanquished Creatures (others)
  5 toadstools (D:1)
5 creatures vanquished.

Grand Total: 68 creatures vanquished

Notes
Turn   | Place    | Note
--------------------------------------------------------------
     0 | D:1      | Banei, the Deep Elf Ice Elementalist, began the quest for the Orb.
     0 | D:1      | Reached XP level 1. HP: 10/10 MP: 5/5
   304 | D:1      | Reached XP level 2. HP: 13/15 MP: 4/8
   308 | D:1      | Learned a level 2 spell: Throw Frost
  1086 | D:2      | Reached XP level 3. HP: 19/19 MP: 11/11
  1208 | D:2      | Reached skill level 4 in Spellcasting
  1823 | D:2      | Reached XP level 4. HP: 24/24 MP: 6/15
  1888 | D:2      | Learned a level 4 spell: Throw Icicle
  2698 | D:3      | Found an ancient bone altar of Kikubaaqudgha.
  2699 | D:3      | Found a blossoming altar of Fedhas.
  2701 | D:3      | Found a radiant altar of Vehumet.
  2706 | D:3      | Became a worshipper of Kikubaaqudgha
  2984 | D:3      | Reached XP level 5. HP: 28/28 MP: 9/18
  3201 | D:3      | Found a shimmering altar of Xom.
  3208 | D:3      | Found a shimmering altar of Xom.
  3209 | D:3      | Found a shimmering altar of Xom.
  3210 | D:3      | Found a shimmering altar of Xom.
  3211 | D:3      | Found a shimmering altar of Xom.
  3215 | D:3      | Noticed superterranean's ghost (average VSCK)
  3254 | D:3      | Killed superterranean's ghost
  3254 | D:3      | Reached skill level 5 in Spellcasting
  3254 | D:3      | Reached skill level 5 in Ice Magic
  3254 | D:3      | Reached XP level 6. HP: 11/32 MP: 12/21
  3567 | D:3      | Found a deep blue altar of Sif Muna.
  3843 | D:4      | Acquired Kikubaaqudgha's first power
  3843 | D:4      | Received a gift from Kikubaaqudgha
  3844 | D:4      | Identified Kikubaaqudgha's Handbook of Dark Magic (Kikubaaqudgha gifted it to you on level 4 of the Dungeon)
  3876 | D:4      | Slain by a phantom

Action                   |  1- 3 |  4- 6 || total
-------------------------+-------+-------++-------
Melee: Dagger            |    11 |     2 ||    13
       Unarmed           |     2 |       ||     2
       Quarterstaff      |       |    25 ||    25
 Cast: Freeze            |    39 |    34 ||    73
       Throw Frost       |     6 |    38 ||    44
  Use: Scroll            |       |    10 ||    10
 Stab: Sleeping          |     3 |       ||     3
  Eat: Chunk             |     2 |     7 ||     9
